 Dungeon Crawl Stone Soup version 0.24-a0-203-gf0bc1e9 (webtiles) character file.

Game seed: 12109384338454811284

56 Borgoz the Sneak (level 4, 0/25 HPs)
             Began as a Kobold Enchanter on Mar 26, 2019.
             Slain by a gnoll
             ... wielding a +0 flail
              (5 damage)
             ... on level 2 of the Dungeon.
             The game lasted 00:04:20 (1500 turns).

Borgoz the Sneak (Kobold Enchanter)                 Turns: 1500, Time: 00:04:20

Health: 0/25       AC:  2    Str:  6    XL:     4   Next: 17%
Magic:  7/7        EV: 21    Int: 16    God:
Gold:   83         SH:  0    Dex: 20    Spells: 1/7 levels left

rFire    . . .     SeeInvis .   h - +2 dagger (holy)
rCold    . . .     Gourm    .   (shield restricted)
rNeg     . . .     Faith    .   b - +0 robe
rPois    .         Spirit   .   (no helmet)
rElec    .         Reflect  .   (no cloak)
rCorr    .         Harm     .   (no gloves)
MR       .....                  (no boots)
Stlth    ++++......             (no amulet)
HPRegen  0.08/turn              (no ring)
MPRegen  0.10/turn              (no ring)

@: agile
A: small, carnivore
a: no special abilities


You were on level 2 of the Dungeon.
You were completely stuffed.

You visited 1 branch of the dungeon, and saw 2 of its levels.

You collected 83 gold pieces.

Inventory:

Hand Weapons
 h - a +2 dagger of holy wrath (weapon)
Armour
 b - a +0 robe (worn)
Scrolls
 a - a scroll of teleportation {unknown}
 f - a scroll of identify {unknown}
 i - a scroll of blinking {unknown}
Potions
 j - 2 potions of cancellation {unknown}
Comestibles
 d - 5 rations


   Skills:
 + Level 1.0 Fighting
 * Level 2.5 Short Blades
 * Level 0.8 Armour
 * Level 3.1 Dodging
 + Level 4.4 Stealth
 + Level 2.4 Spellcasting
 + Level 3.1 Hexes


You had one spell level left.
You knew the following spells:

 Your Spells              Type           Power        Failure   Level  Hunger
a - Corona                Hex            ##.....      5%          1    #......
b - Ensorcelled Hibernat  Hex/Ice        #.....       16%         2    ###....
c - Confuse               Hex            ##......     16%         3    ###....

Your spell library contained the following spells:

 Spells                   Type           Power        Failure   Level  Hunger
 Tukima's Dance           Hex            ##......     16%         3    ###....
 Dazzling Spray           Conj/Hex       #.....       30%         3    ###....


Dungeon Overview and Level Annotations

Branches:
Dungeon (2/15)

Altars:


Innate Abilities, Weirdness & Mutations

You are small and have problems with some larger weapons.
You are carnivorous and can eat meat at any time.


Message History

It was a potion of heal wounds.
You feel much better.
The gnoll hits you from afar with a +0 spear!
It was a potion of agility.
You feel agile all of a sudden. The gnoll hits you with a +0 club!
The gnoll closely misses you.
It was a potion of curing.
You feel better. The gnoll barely misses you. The gnoll closely misses you.
You hit the gnoll.
The gnoll is lightly wounded.
The gnoll hits you from afar with a +0 spear!
The gnoll completely misses you.
You hit the gnoll but do no damage.
The gnoll is lightly wounded.
The gnoll completely misses you. The gnoll barely misses you.
The gnoll completely misses you.
There is a stone staircase leading up here.
The gnoll hits you from afar with a +0 spear!
* * * LOW HITPOINT WARNING * * *
The gnoll hits you with a +0 flail.
You die...

#. #.# #. #.# #.# #.#
#.# .# #.# #.# .# #.#
######.# .#
#.###...##.#####.#
#.##.....#.@.....#
######.##......gg.....#
...<.............g....#
......####...#..g.....#
.####.# ##.##........#
.# #.# #.##........# .#
#.# ##.##........# .#
#.####...#..##.#### .#
#...........##.#


You could see 4 gnolls.

Vanquished Creatures
  An adder (D:2)
  A gnoll (D:1)
  2 dart slugs (D:1)
  A giant cockroach (D:1)
  6 goblins
  2 hobgoblins (D:1)
  8 bats
  7 frilled lizards
  4 kobolds
  3 rats (D:1)
35 creatures vanquished.

Notes
Turn   | Place    | Note
-------+----------+-------------------------------------------
     0 | D:1      | Borgoz the Kobold Enchanter began the quest for the Orb.
     0 | D:1      | Reached XP level 1. HP: 10/10 MP: 3/3
   172 | D:1      | Reached XP level 2. HP: 15/15 MP: 5/5
   381 | D:1      | Reached XP level 3. HP: 13/20 MP: 6/6
   820 | D:1      | Learned a level 2 spell: Ensorcelled Hibernation
   984 | D:1      | Learned a level 3 spell: Confuse
  1343 | D:2      | Reached XP level 4. HP: 24/24 MP: 7/7
  1443 | D:2      | Reached skill level 1 in Fighting
  1500 | D:2      | Slain by a gnoll

Levels and vault maps discovered:
D:1:      erik_arrival_blinker_ship, layout_basic, minmay_cupped
D:2:      layout_loops_ring, grunt_ashenzari_visionary
          [grunt_ashenzari_visionary_swamp, grunt_ashenzari_visionary_spider]

Skill      XL: |  1  2  3  4 |
---------------+-------------+-----
Short Blades   | 2 |  2.5
Dodging        | 3 |  3.1
Fighting       | 1 |  1.0
Armour         | |  0.8
Stealth        | |  4.4
Spellcasting   | |  2.4
Hexes          | |  3.1

Action                   |  1- 3 |  4- 6 || total
-------------------------+-------+-------++-------
Melee: Dagger            |   115 |    21 ||   136
 Cast: Corona            |     1 |       ||     1
       Ensorcelled Hiber |     1 |       ||     1
  Use: Potion            |     1 |     3 ||     4
 Stab: Sleeping          |     7 |       ||     7
  Eat: Chunk             |    10 |       ||    10
Armor: Skin              |    18 |       ||    18
       Robe              |    17 |     4 ||    21
Dodge: Dodged            |    84 |    21 ||   105

Table legend:
 A = Non-vault XP
 B = Vault XP
 C = Vault XP percentage of total XP
 D = Non-vault monster count
 E = Vault monster count
 F = Vault count percentage of total count
                 A         B        C        D         E       F
            +---------+---------+-------+---------+---------+-------
      Total |      66 |      15 |  18.5 |      33 |       2 |   5.7
            +---------+---------+-------+---------+---------+-------
        D:1 |      44 |      15 |  25.4 |      27 |       2 |   6.9
        D:2 |      22 |       0 |   0.0 |       6 |       0 |   0.0
            +---------+---------+-------+---------+---------+-------
